 Dungeon Crawl Stone Soup version 0.30.1-11-g7821555f0a (webtiles) character file.

Game seed: 11316597568432294267

2790 RancidPinata the Fighter (level 9, -10/60 HPs)
             Began as a Gargoyle Gladiator on Nov 22, 2023.
             Mangled by an orc warrior
             ... wielding a +0 glaive
              (13 damage)
             ... on level 9 of the Dungeon on Dec 1, 2023.
             The game lasted 00:32:54 (9424 turns).

RancidPinata the Fighter (Gargoyle Gladiator)       Turns: 9424, Time: 00:32:54

Health: -10/60     AC: 15    Str: 19    XL:     9   Next: 71%
Magic:  9/9        EV: 12    Int: 12    God:
Gold:   456        SH:  0    Dex: 11    Spells: 8/8 levels left

rFire   . . .        C - +0 flail (holy)
rCold   . . .        (no shield)
rNeg    + . .        K - +3 leather armour
rPois   ∞            c - +0 helmet
rElec   +            z - +0 cloak
rCorr   +            (no gloves)
SInv    .            (no boots)
Will    .....        (no amulet)
Stlth   +            s - ring of resist corrosion
HPRegen 0.30/turn    (no ring)
MPRegen 0.11/turn

%: clarity
@: mighty
A: sickness immunity, AC +6, negative energy resistance 1, electricity
resistance, torment resistance 1, petrification resistance, clarity
a: no special abilities


You were on level 9 of the Dungeon.
You visited 3 branches of the dungeon, and saw 10 of its levels.

You collected 481 gold pieces.
You spent 25 gold pieces at shops.

Inventory:

Hand Weapons
 a - a +0 flail
 u - a +0 trident of flaming
 C - a +0 flail of holy wrath (weapon)
 E - a +2 quick blade of freezing
Missiles
 e - a javelin (quivered)
 f - 63 stones
 j - 12 poisoned darts
 t - 8 boomerangs
 w - a throwing net
Armour
 c - a +0 helmet (worn)
 z - a +0 cloak (worn)
 K - a +3 leather armour (worn)
Jewellery
 n - a +5 ring of evasion
 s - a ring of resist corrosion (left hand)
 A - an amulet of faith
 J - a ring of ice
Wands
 x - a wand of roots (21)
 H - a wand of light (6)
Scrolls
 b - a scroll of fog {unknown}
 g - 2 scrolls of immolation {unknown}
 k - 6 scrolls of identify
 y - a scroll of enchant armour {unknown}
 F - a scroll of enchant weapon {unknown}
Potions
 i - a potion of degeneration {unknown}
 l - 2 potions of might
 m - a potion of flight
 o - 4 potions of lignification
 q - a potion of attraction {unknown}
 r - a potion of magic
 v - 2 potions of mutation
 B - a potion of resistance {unknown}
 D - a potion of brilliance {unknown}
 I - a potion of ambrosia {unknown}


   Skills:
 * Level 8.7 Fighting
 * Level 7.7 Maces & Flails
 - Level 1.3 Polearms
 + Level 5.1 Throwing
 + Level 5.6 Armour
 - Level 2.4 Dodging


You had 8 spell levels left.
You didn't know any spells.
Your spell library contained the following spells:

 Spells                   Type           Power      Damage    Failure   Level
 Freeze                   Ice            0%         1d3       36%         1
 Poisonous Vapours        Pois/Air       0%         N/A       50%         2
 Frozen Ramparts          Ice            0%         1d1       75%         3
 Hailstorm                Conj/Ice       0%         3d3       75%         3
 Mephitic Cloud           Conj/Pois/Air  0%         N/A       75%         3
 Dispel Undead            Necr           0%         3d6       98%         4
 Freezing Cloud           Conj/Ice/Air   0%         6-21      100%        5
 Death Channel            Necr           0%         N/A       100%        6
 Cigotuvi's Dreadful Rot  Necr/Pois/Air  Unusable   N/A       N/A         2

Dungeon Overview and Level Annotations

Branches:
Dungeon (9/15)             Temple (1/1) D:5             Orc (1/2) D:9
   Lair: D:8-11

Altars:
Cheibriados
Dithmenos
Elyvilon
Fedhas
Gozag
Hepliaklqana
Kikubaaqudgha
Makhleb
Qazlal
Ru
Sif Muna
Trog
Uskayaw
Wu Jian
Xom
Yredelemnul
Zin
The Shining One

Shops:
D:4 *   D:5 =   D:7 *

Annotations:
D:4 3 runed translucent doors, Narclithid's ghost, amateur DsNe
D:5 3 runed translucent doors, Zhuub's ghost, novice DrTm


Innate Abilities, Weirdness & Mutations

You are immune to sickness and miasma.
Your stone body is resilient. (AC +6)
You are immune to poison.
You resist negative energy. (rN+)
You are resistant to electric shocks. (rElec)
You are resistant to unholy torment.
You are immune to petrification.
You possess an exceptional clarity of mind.


Message History

As you read the scroll of blinking, it crumbles to dust.
Found 10 gold pieces.
You see here 10 gold pieces.
There are monsters nearby!
The orc priest casts a cantrip, but nothing happens.
The orc closely misses you.
You see here 10 gold pieces.
You hit the kobold.
The kobold is severely wounded.
The orc hits you but does no damage. The kobold closely misses you.
You closely miss the kobold.
The kobold is severely wounded.
The orc barely misses you. The kobold hits you but does no damage.
You hit the kobold but do no damage.
The kobold is severely wounded.
The kobold hits you but does no damage. The hobgoblin closely misses you.
You barely miss the kobold.
The kobold is severely wounded.
The orc barely misses you. The kobold barely misses you.
The hobgoblin closely misses you. The orc warrior closely misses you.
You hit the kobold.
You kill the kobold!
The orc priest hits you with a +0 flail.
* * * LOW HITPOINT WARNING * * *
The orc hits you with a +0 flail!
* * * LOW HITPOINT WARNING * * *
The hobgoblin hits you but does no damage.
The orc warrior barely misses you.
It was a potion of might.
You feel very mighty all of a sudden.
The orc priest hits you with a +0 flail.
* * * LOW HITPOINT WARNING * * *
The orc hits you but does no damage. The hobgoblin barely misses you.
The orc warrior closely misses you.
You hit the orc priest.
The orc priest is moderately wounded.
The orc priest hits you but does no damage.
The orc misses you. The hobgoblin barely misses you.
The orc warrior hits you from afar with a +0 glaive!
You die...

#................# .
########.........#....
..................
...######....#....
####.####....# .. ###
##.#.##....# ..##
#.#.###....# ...# .
#og.# #..... ..# ##
#.#@oK# #...... ..# .#
## #.#)#.# #.......
..# #. ..##.##o.# >.#
.. .#.....#.# ### .#
o.#.#.##.##
.#.#..##.#..# .
####....#.#..### .
##..KoK........# .
#..#g.##.###.##.#


You could see an orc warrior, a kobold brigand, an orc priest, an orc and a
hobgoblin.

Vanquished Creatures
  Sigmund (D:5)
  A warg (D:9)
  2 water moccasins
  An ice beast (D:6)
  2 orc warriors (D:6)
  A sky beast (D:7)
  4 black bears
  A centaur (D:6)
  2 ogres
  A phantom (D:5)
  A kobold brigand (D:7)
  Blork the orc (D:5)
  3 scorpions
  2 jellies
  A howler monkey (D:4)
  6 hounds
  4 orc priests
  Ijyb (D:4)
  2 iguanas
  9 orc wizards
  A sleepcap (D:6)
  A gnoll (D:6)
  7 adders
  A white imp (D:5)
  An ufetubus (D:7)
  3 worms
  A dart slug (D:2)
  14 orcs
  9 ball pythons
  10 endoplasms
  3 giant cockroaches
  10 goblins
  8 hobgoblins
  5 jackals
  13 kobolds
  3 quokkas
  4 bats
  7 frilled lizards
  3 rats
150 creatures vanquished.

Vanquished Creatures (others)
  An orc wizard (D:3)
  A quokka (D:3)
  A bat (D:3)
3 creatures vanquished.

Grand Total: 153 creatures vanquished

Notes
Turn   | Place    | Note
-------+----------+-------------------------------------------
     0 | D:1      | RancidPinata the Gargoyle Gladiator began the quest for the
                  | Orb.
     0 | D:1      | Reached XP level 1. HP: 12/12 MP: 1/1
   121 | D:1      | Reached XP level 2. HP: 15/18 MP: 2/2
   327 | D:2      | Reached skill level 1 in Armour
   330 | D:2      | Reached XP level 3. HP: 19/22 MP: 3/3
   437 | D:2      | Reached skill level 3 in Fighting
  1172 | D:3      | Found a shimmering blue altar of Sif Muna.
  1282 | D:3      | Reached XP level 4. HP: 8/28 MP: 4/4
  1639 | D:3      | Reached XP level 5. HP: 32/33 MP: 5/5
  1711 | D:3      | Found a hide-covered altar of Uskayaw.
  1835 | D:3      | Found a white marble altar of Elyvilon.
  1874 | D:3      | Reached skill level 4 in Fighting
  2416 | D:4      | Found a runed translucent gate.
  2416 | D:4      | Found a runed translucent gate.
  2416 | D:4      | Found a runed translucent gate.
  2417 | D:4      | Noticed Narclithid's ghost (amateur DsNe)
  2510 | D:4      | Noticed an ogre
  3379 | D:4      | Found an ancient bone altar of Kikubaaqudgha.
  3401 | D:4      | Reached skill level 1 in Polearms
  3430 | D:5      | Entered Level 5 of the Dungeon
  3430 | D:5      | Noticed Blork the orc
  3574 | D:5      | Killed Blork the orc
  3575 | D:5      | Reached XP level 6. HP: 35/39 MP: 6/6
  3605 | D:5      | Noticed a black bear
  3834 | D:4      | Noticed Ijyb
  3847 | D:4      | Gained mutation: You possess an exceptional clarity of
                  | mind. [potion of mutation]
  4021 | D:4      | Found an ornate altar of the Wu Jian Council.
  4026 | D:4      | Noticed a spectral centipede
  4026 | D:4      | Noticed a spectral black mamba
  4026 | D:4      | Noticed a spectral cane toad
  4119 | D:4      | Reached skill level 5 in Fighting
  4296 | D:4      | Killed Ijyb
  4308 | D:4      | Reached XP level 7. HP: 12/44 MP: 7/7
  4532 | D:4      | Found Reem's Assorted Antiques.
  4555 | D:4      | Bought a sedimented black potion for 25 gold pieces
  4969 | D:5      | Found Cuobodux's Jewellery Boutique.
  4996 | D:5      | Found a runed translucent gate.
  4996 | D:5      | Found a runed translucent gate.
  4996 | D:5      | Found a runed translucent gate.
  5011 | D:5      | Noticed Zhuub's ghost (novice DrTm)
  5343 | D:5      | Reached skill level 6 in Fighting
  5435 | D:5      | Found a stormy altar of Qazlal.
  5437 | D:5      | Noticed a fire elemental
  5437 | D:5      | Noticed a water elemental
  5437 | D:5      | Noticed an air elemental
  5506 | D:5      | Reached skill level 5 in Maces & Flails
  5506 | D:5      | Reached XP level 8. HP: 30/51 MP: 8/8
  5621 | D:5      | Noticed Sigmund
  5858 | D:5      | Found a basalt altar of Yredelemnul.
  5865 | D:5      | Found a staircase to the Ecumenical Temple.
  5874 | Temple   | Entered the Ecumenical Temple
  6049 | D:5      | Killed Sigmund
  6525 | D:6      | Reached skill level 7 in Fighting
  7167 | D:6      | Reached XP level 9. HP: 43/57 MP: 9/9
  7334 | D:6      | Reached skill level 5 in Armour
  7458 | D:6      | Reached skill level 8 in Fighting
  8325 | D:7      | Found a bloodstained altar of Trog.
  8383 | D:7      | Found Hafyry's General Store.
  8553 | D:7      | Reached skill level 5 in Throwing
  8617 | D:7      | Found a burning altar of Makhleb.
  8949 | D:7      | You fall into a shaft and drop 2 floors!
  8959 | D:9      | Found a sacrificial altar of Ru.
  9048 | D:9      | Noticed a gargoyle
  9373 | D:9      | Found a staircase to the Orcish Mines.
  9387 | Orc:1    | Entered Level 1 of the Orcish Mines
  9423 | D:9      | HP: 2/60 [orc priest/+0 flail (2)]
  9424 | D:9      | Mangled by an orc warrior

Illustrated notes

Levels and vault maps discovered:
D:1:      elethiomel_arrival_shortcut, layout_basic
D:2:      kennysheep_big_flooded_room, layout_loops_ring
D:3:      layout_basic, elyvilon_altar_4, lemuel_coloured_pillars_altar,
          led_sif_book, grunt_ministairs_13
D:4:      kennysheep_goblin_castle, layout_basic,
          mainiacjoe_overflow_concentric_impassable,
          pdpol_wu_jian_five_deadly_venoms, ebering_ghost_rock_garden,
          serial_shops, nicolae_shop_crystal, st_stairs_3
D:5:      layout_cave_pools, nicolae_qazlal_style_of_elements,
          kennysheep_mini_moat, minmay_temple_entry_drinking_statues,
          serial_shops, shop, ebering_ghost_rock_garden, uniq_sigmund,
          uniq_blork_the_orc
D:6:      layout_basic, kennysheep_minor_cross, kennysheep_generic_room_11
D:7:      layout_rooms, general_overflow_altar,
          mainiacjoe_overflow_surrounded_room, serial_shops, shop,
          chequers_serial_rivers_small_b, kennysheep_decorative_pillar
D:9:      minmay_chambers_of_sixes, layout_grid_maze,
          mainiacjoe_overflow_catwalk, okawaru_gym_becter,
          nemelex_xobeh_ov_fountains_minmay, erik_orc_3
Temple:   nicolae_temple_two_arcs
Orc:1:    cheibrodos_orc_guarddog, layout_caves, roderic_batcave, uniq_jorgrun

Skill      XL: |  1  2  3  4  5  6  7  8  9 |
---------------+----------------------------+-----
Throwing       | 2 3 4 5 |  5.1
Armour         | 1 2 3 4 5 |  5.6
Fighting       | 3 4 5 6 7 8 |  8.7
Polearms       | 1 |  1.3
Maces & Flails | 4 5 6 7 |  7.7
Dodging        | |  2.4

Action                     |  1- 3 |  4- 6 |  7- 9 || total
---------------------------+-------+-------+-------++-------
  Melee: Flail             |   112 |    86 |   433 ||   631
         Trident           |       |   144 |       ||   144
         Punch             |       |     1 |     4 ||     5
  Throw: Throwing net      |       |     3 |       ||     3
         Javelin           |       |     1 |     1 ||     2
         Dart              |       |       |     6 ||     6
  Evoke: Wand              |       |       |     1 ||     1
    Use: Potion            |       |     5 |     2 ||     7
         Scroll            |       |     3 |     7 ||    10
 Armour: Leather armour    |    29 |       |    75 ||   104
         Ring mail         |    21 |   152 |   239 ||   412
  Dodge: Dodged            |    79 |   158 |   275 ||   512
